 Dungeon Crawl Stone Soup version 0.19-a0-139-gefc6d61 (webtiles) character file.

242 Duffy the Sneak (level 5, -2/24 HPs)
             Began as a Spriggan Enchanter on May 17, 2016.
             Slain by an orc
             ... wielding a +0 short sword
              (8 damage)
             ... on level 3 of the Dungeon.
             The game lasted 00:06:00 (4118 turns).

Duffy the Sneak (Spriggan Enchanter)                Turns: 4118, Time: 00:06:01

Health: -2/24      AC:  3    Str:  4    XL:     5   Next: 81%
Magic:  13/13      EV: 18    Int: 18    God:
Gold:   88         SH:  0    Dex: 16    Spells: 5 memorised, 1 level left

rFire  . . .     SeeInvis +     a - +1 dagger
rCold  . . .     Gourm    .     b - +1 robe
rNeg   . . .     Faith    .     (shield restricted)
rPois  .         Spirit   .     (helmet restricted)
rElec  .         Dismiss  .     (no cloak)
rCorr  .         Reflect  .     (gloves unavailable)
SustAt .         Harm     .     (boots unavailable)
MR     .....                    e - amulet of magic regeneration
Stlth  +++.......               (no ring)
                                q - ring of loudness (curse)

@: very quick, not resistant to hostile enchantments, fairly stealthy
A: unfitting armour, see invisible, herbivore 3, speed 3, slow metabolism 2
a: no special abilities


You were on level 3 of the Dungeon.
You were not hungry.

You visited 1 branch of the dungeon, and saw 3 of its levels.

You collected 88 gold pieces.


Innate Abilities, Weirdness & Mutations

You are tiny and cannot use many weapons and most armour.
You have supernaturally acute eyesight.
You are a herbivore.
You cover ground extremely quickly.
You need consume almost no food.


   Skills:
 - Level 2.5 Short Blades
 - Level 3.0 Dodging
 - Level 6.0 Stealth
 + Level 4.8 Spellcasting
 + Level 5.3 Hexes


You had one spell level left.
You knew the following spells:

 Your Spells              Type           Power        Failure   Level  Hunger
a - Ensorcelled Hibernat  Hex/Ice        ##....       10%         2    #......
c - Confuse               Hex            ###.....     4%          3    ###....
d - Dazzling Spray        Conj/Hex       ##....       17%         3    ###....
l - Tukima's Dance        Hex            ###.....     4%          3    ###....
r - Corona                Hex            ###....      1%          1    None

Inventory:

Hand Weapons
 a - a +1 dagger (weapon)
Missiles
 t - a throwing net (quivered)
Armour
 b - a +1 robe (worn)
Jewellery
 e - an amulet of magic regeneration (around neck)
 q - a cursed ring of loudness (left hand)
Scrolls
 k - a scroll of fog {unknown}
 l - 3 scrolls of teleportation {unknown}
 o - 5 scrolls of identify {unknown}
 r - a scroll of magic mapping {unknown}
 s - a scroll of remove curse {unknown}
Potions
 f - a potion of berserk rage {unknown}
 g - a potion of lignification {unknown}
 h - a potion of invisibility {unknown}
 i - a potion of degeneration {unknown}
 j - a potion of agility {unknown}
 m - 2 potions of curing {unknown}
 n - a potion of might {unknown}
 p - a potion of ambrosia {unknown}
Books
 c - a book of Maledictions
Comestibles
 d - 3 bread rations

Dungeon Overview and Level Annotations

Branches:
Dungeon (3/15)

Altars:
Elyvilon
Pakellas
Sif Muna
The Shining One


Message History

Okay, then.
An orc comes into view. It is wielding a club.
The orc shouts!
An orc comes into view. It is wielding a short sword.
An orc priest comes into view. 2 orcs come into view.
The orc shouts!
The orc priest casts a cantrip, but nothing happens.
Cast which spell? (? or * to list)
Aiming: Ensorcelled Hibernation
Press: ? - help, Shift-Dir - straight line, f - orc
Aim: an orc, wielding a club (chance to defeat MR: 81%)
You miscast Ensorcelled Hibernation.
You are very lightly contaminated with residual magic.
Frost spreads across the the floor.
The orc misses you.
Cast which spell? (? or * to list)
Aiming: Ensorcelled Hibernation
Press: ? - help, Shift-Dir - straight line, f/p - orc
Aim: an orc, wielding a club (chance to defeat MR: 81%)
The orc looks drowsy...
The helpless orc fails to defend itself.
You impale the orc!!
You kill the orc!
Cast which spell? (? or * to list)
Aiming: Ensorcelled Hibernation
Press: ? - help, Shift-Dir - straight line, f - orc
Aim: an orc, wielding a short sword and wearing a scale mail (chance to defeat MR: 81%)
You miscast Ensorcelled Hibernation.
You feel a bit tired. The orc hits you with a short sword.
Cast which spell? (? or * to list)
Aiming: Ensorcelled Hibernation
Press: ? - help, Shift-Dir - straight line, f/p - orc
Aim: an orc, wielding a short sword and wearing a scale mail (chance to defeat MR: 81%)
The orc resists with significant effort.
The orc priest invokes the aid of Beogh against you.
Beogh smites you!
Ouch! That really hurt!
There is a stone staircase leading up, spattered with blood here.
You climb upwards.
There is a stone staircase leading down here.
Magic restored.
Your magical contamination has completely faded away.
HP restored.
Done exploring.
You climb downwards.
The orc hits you with a short sword.
The orc priest calls down the wrath of Beogh upon you.
Beogh smites you!
Ouch! That really hurt!
The orc hits you with a short sword!
You die...

..####...#...#...##.#...
oo
######.#.#.###.#.##.###.#
## .......#...###.#.##.#
... ####.....###...#.##)#
... #......)....#....##
...# #.....#...#%.o....#
..# #.....#...#.......#
#.........#.......#
#.....#####.o@....#
#.....# #.........#
####.....# #.#########
.........# #......#
..>...... ###....#
%....#######......#
.............%....#
................).#
....>..........#.##


You could see an orc priest and an orc.

Action                   |  1- 3 |  4- 6 || total
-------------------------+-------+-------++-------
Melee: Dagger            |   143 |    83 ||   226
 Cast: Ensorcelled Hiber |     3 |    35 ||    38
 Stab: Sleeping          |    11 |    24 ||    35
  Eat: Royal jelly       |       |     1 ||     1
Armor: Robe              |    13 |    10 ||    23
Dodge: Dodged            |   111 |    95 ||   206

Notes
Turn   | Place    | Note
--------------------------------------------------------------
     0 | D:1      | Duffy the Spriggan Enchanter began the quest for the Orb.
     0 | D:1      | Reached XP level 1. HP: 9/9 MP: 5/5
   553 | D:2      | Found an oddly glowing altar of Pakellas.
   553 | D:2      | Noticed Jessica
   555 | D:2      | Killed Jessica
   555 | D:2      | Reached skill level 2 in Short Blades
   555 | D:2      | Reached skill level 5 in Stealth
   555 | D:2      | Reached XP level 2. HP: 6/13 MP: 6/6
   555 | D:2      | Reached XP level 3. HP: 7/16 MP: 8/8
   556 | D:2      | Found a white marble altar of Elyvilon.
   724 | D:2      | Found a deep blue altar of Sif Muna.
   734 | D:2      | Found a glowing golden altar of the Shining One.
   752 | D:2      | Learned a level 2 spell: Ensorcelled Hibernation
   756 | D:2      | Learned a level 3 spell: Confuse
  1369 | D:1      | Reached skill level 6 in Stealth
  1771 | D:2      | Reached skill level 3 in Spellcasting
  1977 | D:2      | Noticed Natasha
  2249 | D:2      | Killed Natasha
  2249 | D:2      | Reached skill level 4 in Hexes
  2249 | D:2      | Reached XP level 4. HP: 21/21 MP: 6/10
  2358 | D:2      | Noticed Natasha
  2611 | D:1      | Killed Natasha
  2611 | D:1      | Reached skill level 4 in Spellcasting
  2611 | D:1      | Reached XP level 5. HP: 21/24 MP: 6/12
  3217 | D:3      | Reached skill level 5 in Hexes
  3891 | D:3      | Learned a level 3 spell: Tukima's Dance
  3895 | D:3      | Learned a level 3 spell: Dazzling Spray
  4118 | D:3      | Slain by an orc

Skill      XL: |  1  2  3  4  5 |
---------------+----------------+-----
Short Blades   | 2 |  2.5
Stealth        | 5 6 |  6.0
Spellcasting   | 3 4 |  4.8
Hexes          | 4 5 |  5.3
Dodging        | |  3.0

Vault maps used:
D:1:      roderic_crossed_star, serial_bayou_ford_a
D:2:      nicolae_overflow_quartered_altars, uniq_natasha, uniq_jessica
D:3:      st_stairs_1, minmay_three_crescents

Vanquished Creatures
  An orc priest Jessica Natasha (twice)
  3 gnolls
  4 adders
  2 worms
  2 dart slugs
  2 giant geckos
  4 orcs
  4 giant cockroaches
  2 goblins
  6 hobgoblins
  8 jackals
  4 kobolds
  7 bats
  2 giant newts
  7 rats
61 creatures vanquished.
